 Dungeon Crawl Stone Soup version 0.28-a0-1404-g4df0f3684d (webtiles) character file.

Game seed: 11439432713912872226

54 HallandMoats the Shield-Bearer (level 4, 0/36 HPs)
             Began as a Formicid Fighter on Jan 5, 2022.
             Was a Follower of Vehumet.
             Slain by a hobgoblin (4 damage)
             ... on level 2 of the Dungeon.
             The game lasted 00:01:22 (1252 turns).

HallandMoats the Shield-Bearer (Formicid Fighter)   Turns: 1252, Time: 00:01:23

Health: 0/36       AC:  6    Str: 20    XL:     4   Next: 12%
Magic:  4/4        EV:  9    Int:  8    God:    Vehumet [*.....]
Gold:   51         SH:  5    Dex: 12    Spells: 3/3 levels left

rFire   . . .      SeeInvis +   a - +0 war axe
rCold   . . .      Faith    .   c - +0 buckler
rNeg    . . .      Spirit   .   b - +0 scale mail
rPois   .          Reflect  .   (helmet unavailable)
rElec   .          Harm     +   e - scarf {harm}
rCorr   .          Rampage  .   (no gloves)
Will    .....                   (no boots)
Stlth   ..........              (no amulet)
HPRegen 0.12/turn               (no ring)
MPRegen 0.09/turn               (no ring)

@: no status effects
A: permanent stasis, dig shafts and tunnels, antennae 3, four strong arms
a: Dig, Shaft Self, Renounce Religion


You were on level 2 of the Dungeon.
You worshipped Vehumet.
Vehumet was aware of your devotion.
You visited 1 branch of the dungeon, and saw 2 of its levels.

You collected 51 gold pieces.

Inventory:

Hand Weapons
 a - a +0 war axe (weapon)
Armour
 b - a +0 scale mail (worn)
 c - a +0 buckler (worn)
 e - a scarf of harm (worn)
Jewellery
 g - a ring of poison resistance
Wands
 j - a wand of paralysis (7)
Scrolls
 f - a scroll of fear {unknown}
 i - a scroll of vulnerability {unknown}
Potions
 d - a potion of might
 h - a potion of mutation {unknown}


   Skills:
 + Level 3.6 Fighting
 + Level 2.3 Axes
 + Level 3.6 Armour
 * Level 1.2 Dodging
 + Level 4.0 Shields
 + Level 1.2 Invocations


You had 3 spell levels left.
You didn't know any spells.
Your spell library was empty.

Dungeon Overview and Level Annotations

Branches:
Dungeon (2/15)

Altars:
Vehumet


Innate Abilities, Weirdness & Mutations

You cannot be hasted, slowed, berserked, paralysed or teleported.
You can dig through walls and to a lower floor.
You have a pair of large antennae on your head. (SInv)
Your four strong arms can wield two-handed weapons with a shield.


Message History

The kobold hits you with a +0 short sword.
You block the hobgoblin's attack.
The kobold hits you with a +0 short sword.
The hobgoblin closely misses you. The kobold hits you but does no damage.
You block the hobgoblin's attack. The kobold closely misses you.
You block the hobgoblin's attack. The kobold hits you but does no damage.
The hobgoblin barely misses you. The kobold hits you but does no damage.
The hobgoblin hits you but does no damage.
The kobold hits you with a +0 short sword.
The hobgoblin hits you but does no damage.
The kobold hits you but does no damage. The hobgoblin barely misses you.
The kobold hits you with a +0 short sword.
The hobgoblin hits you but does no damage.
You block the kobold's attack. The hobgoblin closely misses you.
The kobold hits you but does no damage. The hobgoblin closely misses you.
The kobold barely misses you.
The hobgoblin hits you but does no damage.
The kobold hits you with a +0 short sword.
The hobgoblin barely misses you. The kobold barely misses you.
The hobgoblin hits you.
The kobold hits you with a +0 short sword.
You block the hobgoblin's attack.
The kobold hits you with a +0 short sword.
You block the hobgoblin's attack. The kobold barely misses you.
The hobgoblin hits you but does no damage.
You block the kobold's attack. You block the hobgoblin's attack.
The kobold barely misses you. The hobgoblin barely misses you.
The kobold hits you but does no damage. The hobgoblin hits you.
The kobold hits you with a +0 short sword.
* * * LOW HITPOINT WARNING * * *
The hobgoblin hits you.
* * * LOW HITPOINT WARNING * * *
The kobold hits you but does no damage. The hobgoblin closely misses you.
The kobold hits you with a +0 short sword.
* * * LOW HITPOINT WARNING * * *
The hobgoblin hits you but does no damage.
The kobold closely misses you. The hobgoblin hits you.
You die...

###.####.....#
...#........#
##...........#
#.......#...
#.........!
#..#.....#
#......g.#
##..@..#
#...K..#
#......#
#.##..:+
#.##...###
#.####...#
#........#
##....##..#
#......#.#


You could see a hobgoblin and a kobold.

Vanquished Creatures
  2 adders (D:2)
  A dart slug (D:1)
  2 ball pythons
  3 bats
  2 endoplasms (D:1)
  2 giant cockroaches (D:1)
  2 goblins
  3 hobgoblins (D:1)
  4 jackals (D:1)
  3 quokkas (D:1)
  2 frilled lizards (D:1)
  A kobold (D:1)
  5 rats (D:1)
32 creatures vanquished.

Notes
Turn   | Place    | Note
-------+----------+-------------------------------------------
     0 | D:1      | HallandMoats the Formicid Fighter began the quest for the
                  | Orb.
     0 | D:1      | Reached XP level 1. HP: 18/18 MP: 1/1
   206 | D:1      | Reached XP level 2. HP: 24/24 MP: 2/2
   457 | D:1      | Reached XP level 3. HP: 29/29 MP: 3/3
   759 | D:1      | Reached skill level 1 in Dodging
   972 | D:2      | Reached skill level 4 in Shields
   972 | D:2      | Reached skill level 1 in Invocations
   977 | D:2      | Reached XP level 4. HP: 25/36 MP: 4/4
  1122 | D:2      | Found a faded altar of an unknown god.
  1141 | D:2      | Prayed at the altar of an unknown god.
  1141 | D:2      | Became a worshipper of Vehumet
  1141 | D:2      | Reached * piety under Vehumet
  1141 | D:2      | Offered knowledge of Sandblast by Vehumet.
  1252 | D:2      | Slain by a hobgoblin

Illustrated notes

Levels and vault maps discovered:
D:1:      minmay_arrival_cross, layout_basic, minmay_misc_feat_room,
          minivault_26
D:2:      layout_basic, chequers_ecumenical_altar_island, serial_curves,
          eino_curves_03, eino_curves_03, uniq_robin

Skill      XL: |  1  2  3 |
---------------+----------+-----
Dodging        | 1 |  1.2
Shields        | 4 |  4.0
Invocations    | 1 |  1.2
Fighting       | |  3.6
Axes           | |  2.3
Armour         | |  3.6

Action                   |  1- 3 |  4- 6 || total
-------------------------+-------+-------++-------
Melee: War axe           |    63 |     5 ||    68
Armor: Scale mail        |    31 |    31 ||    62
Dodge: Dodged            |    35 |    29 ||    64
Block: Buckler           |    15 |    23 ||    38

Table legend: (Time is in decaauts)
 A = Elapsed time spent in this place.
 B = Non-inter-level travel time spent in this place.
 C = Inter-level travel time spent in this place.
 D = Time resting spent in this place.
 E = Time spent auto-exploring this place.
 F = Levels seen in this place.
 G = Mean time per level.
                   A        B        C        D        E       F      G
               +--------+--------+--------+--------+--------+-----+--------+
         Total |   1284 |   1244 |     40 |      0 |    975 |   2 |  642.0 |
       Dungeon |   1284 |   1244 |     40 |      0 |    975 |   2 |  642.0 |
               +--------+--------+--------+--------+--------+-----+--------+

Top non-repeatable levels by time:
     D:1: 952 daAuts
     D:2: 331 daAuts
